Map: Site Delta LE

Players

CaptPlanet - Winner!

  • Race: Protoss Protoss
  • League: Diamond
  • Spawn Location: 5:00

SubN

  • Race: Zerg Zerg
  • League: Diamond
  • Spawn Location: 11:00

VOD

Have the link to the VOD?

Description

Time

  • Played on: Nov. 18, 2023, 6:56 p.m.
  • Length: 9:31
Show
View Real Time Build Order
Export as new Build Order

CaptPlanet Protoss - Winner!

Build Orders: 1 Gate Expand 

Get SALT Encoding   

  12  0:00  Probe  
  13  0:12  Probe  
  14  0:18  Pylon  
  14  0:24  Probe  
  15  0:36  Probe  
  16  0:43  Gateway  
  16  0:46  Assimilator  
  16  0:48  Probe  
  17  1:01  Probe  
  18  1:13  Probe  
  19  1:25  Probe  
  20  1:30  Cybernetics Core  
  20  1:39  Nexus  
  20  1:46  Pylon  
  20  1:50  Probe  
  21  1:58  Zealot  
  23  2:03  Warp Gate (Chrono Boost)  
  23  2:16  Twilight Council  
  23  2:20  Gateway  
  23  2:22  Probe  
  24  2:31  Adept  
  24  2:34  Probe  
  27  2:46  Probe  
  28  2:53  Gateway  
  28  2:58  Gateway  
  28  2:59  Charge  
  28  3:05  Pylon  
  28  3:08  Probe  
  29  3:19  Probe (Chrono Boost), Assimilator  
  30  3:27  Probe (Chrono Boost)  
  31  3:29  Probe (Chrono Boost)  
  33  3:34  Probe (Chrono Boost)  
  33  3:35  Probe  
  33  3:36  Gateway  
  34  3:45  Probe  
  34  3:48  Stalker  
  35  3:49  Stalker  
  37  3:56  Zealot  
  37  3:57  Probe  
  37  4:02  Assimilator  
  40  4:04  Sentry  
  42  4:11  Shield Battery  
  42  4:15  Pylon, Zealot  
  44  4:19  Probe x2  
  44  4:23  Sentry  
  48  4:31  Probe x2, Zealot  
  52  4:40  Sentry  
  52  4:41  Pylon  
  54  4:46  Pylon, Probe (Chrono Boost)  
  54  4:47  Probe (Chrono Boost)  
  56  4:59  Robotics Facility  
  56  5:02  Assimilator  
  56  5:07  Pylon  
  56  5:18  Stalker x3  
  56  5:19  Stalker  
  64  5:26  Stalker  
  66  5:37  Pylon  
  66  5:39  Pylon  
  66  5:42  Zealot  
  66  5:43  Zealot x2  
  72  5:54  Probe x2  
  74  5:59  Pylon  
  74  6:08  Stalker x3  
  81  6:12  Zealot  
  81  6:13  Observer (Chrono Boost), Zealot  
  81  6:18  Probe x2  
  87  6:26  Pylon  
  87  6:36  Immortal (Chrono Boost), Sentry  
  87  6:37  Sentry  
  95  6:43  Forge  
  95  6:46  Stalker  
  97  7:04  Stalker x4  
  105  7:09  Pylon  
  105  7:31  Pylon, Zealot x4  
  105  7:32  Stalker  
  92  7:54  Stalker  
  92  7:55  Stalker x3  
  92  7:56  Zealot  
  81  8:09  Zealot x2  
  81  8:10  Zealot x3  
  81  8:12  Nexus  
  91  8:15  Pylon  
  91  8:38  Observer (Chrono Boost), Zealot  
  91  8:39  Zealot x4  
  90  9:08  Zealot x4  
  90  9:09  Zealot  
  90  9:14  Gateway  
  80  9:30  Zealot x2  
Show
View Real Time Build Order
Export as new Build Order

SubN Zerg 

Build Orders: Hatch First 

Get SALT Encoding   

  12  0:00  Drone  
  13  0:12  Overlord  
  13  0:17  Drone  
  14  0:32  Drone x2  
  16  0:50  Hatchery  
  16  0:54  Drone  
  16  0:57  Drone  
  17  1:00  Drone  
  18  1:04  Extractor  
  17  1:21  Spawning Pool  
  16  1:32  Extractor  
  15  1:35  Drone x3  
  18  1:46  Drone  
  19  1:57  Drone  
  20  2:08  Queen  
  20  2:09  Queen  
  20  2:11  Overlord  
  24  2:17  Drone x2  
  26  2:29  Drone, Roach Warren  
  26  2:31  Drone  
  26  2:32  Drone  
  28  2:42  Drone x2  
  30  2:56  Overlord  
  30  2:58  Drone x2  
  32  3:03  Lair  
  32  3:06  Queen  
  32  3:12  Overlord  
  34  3:15  Overlord  
  36  3:20  Roach x2  
  36  3:23  Roach  
  36  3:26  Roach  
  42  3:31  Drone x2  
  42  3:32  Drone  
  43  3:48  Drone  
  43  3:49  Drone x2  
  43  3:52  Extractor  
  43  3:54  Drone  
  46  3:57  Drone  
  47  4:04  Drone x3  
  50  4:13  Glial Reconstitution  
  50  4:19  Drone x2  
  50  4:21  Drone  
  50  4:23  Extractor  
  50  4:24  Overlord  
  52  4:40  Drone x3  
  55  4:48  Burrow  
  55  4:49  Roach  
  55  4:50  Roach x3  
  55  4:51  Roach  
  65  4:54  Roach  
  67  5:03  Overlord x2  
  67  5:16  Overlord  
  67  5:31  Tunneling Claws  
  67  5:42  Roach x8  
  83  5:49  Overlord x3  
  83  5:50  Overlord x2  
  83  5:54  Roach x18  
  83  5:56  Overlord  
  83  6:03  Overlord x4  
  83  6:05  Overseer  
  83  6:09  Hatchery  
  82  6:19  Roach x5  
  92  6:34  Roach x5  
  102  6:41  Roach x4  
  110  6:59  Drone  
  110  7:01  Roach x2, Spore Crawler  
  115  7:07  Roach  
  116  7:11  Drone  
  117  7:29  Roach x2  
  125  7:30  Roach x12  
  125  7:35  Spore Crawler  
  125  7:36  Roach x8  
  88  7:56  Roach  
  88  7:57  Roach x9  
  72  8:07  Roach  
  72  8:09  Queen  
  72  8:13  Roach x3  
  78  8:21  Roach  
  78  8:22  Roach  
  78  8:25  Roach  
  78  8:26  Roach x13  
  78  8:30  Zergling x4  
  78  8:36  Roach  
  80  8:42  Roach x12  
  80  8:43  Roach x5  
  90  8:49  Roach  
  90  8:55  Roach x2  
  83  9:05  Roach  
  83  9:06  Roach x2  
  70  9:10  Roach x4  
Tags
 
Add a new tag
Caveats
  • Supply blocks, unpowered buildings, or Contaminate may cause inaccurate times.
  • Supply counts are checked every 10 seconds.